 Dungeon Crawl Stone Soup version 0.30-a0-611-g5309dc9 (webtiles) character file.

Game seed: 9761426172197553326

53 bebis the Shield-Bearer (level 4, -7/52 HPs)
             Began as a Formicid Fighter on Jan 8, 2023.
             Blown up by Ijyb (15 damage)
             ... with a mindburst bolt
             ... on level 3 of the Dungeon.
             The game lasted 00:07:29 (2148 turns).

bebis the Shield-Bearer (Formicid Fighter)          Turns: 2148, Time: 00:07:30

Health: -7/52      AC: 26    Str: 23    XL:     4   Next: 11%
Magic:  4/4        EV:  2    Int: 13    God:
Gold:   96         SH:  6    Dex: 16    Spells: 3/3 levels left

rFire   . . .      SeeInvis .    s - +7 mace of Lachrymose Courage {flame, Int+6 Dex-3}
rCold   . . .      Faith    .    c - +1 buckler
rNeg    . . .      Spirit   .    (body armour currently unavailable)
rPois   +          Reflect  .    (helmet unavailable)
rElec   .          Harm     .    (cloak currently unavailable)
rCorr   .          Rampage  .    (gloves currently unavailable)
Will    .....                    (boots currently unavailable)
Stlth   +                        (no amulet)
HPRegen 0.28/turn                m - +4 ring of protection
MPRegen 0.09/turn                t - +6 ring of dexterity

@: tree-form
A: stationary, stasis, torment immunity, boosted hp, permanent stasis, dig
shafts and tunnels, (antennae 3), four strong arms
a: no special abilities


You were on level 3 of the Dungeon.
You were a tree.
You visited 1 branch of the dungeon, and saw 4 of its levels.

You collected 96 gold pieces.

Inventory:

Hand Weapons
 a - a +0 war axe
 s - the +7 mace of Lachrymose Courage (weapon) {flame, Int+6 Dex-3}
   (You found it on level 2 of the Dungeon)

   Int:       It affects your intelligence (+6).
   Dex:       It affects your dexterity (-3).
Armour
 b - a +0 scale mail (melded)
 c - a +1 buckler (worn)
Jewellery
 j - a ring of ice
 m - a +4 ring of protection (left branch)
 p - a ring of protection from cold
 t - a +6 ring of dexterity (right branch)
Scrolls
 e - 2 scrolls of fear {unknown}
 g - a scroll of fog {unknown}
 h - a scroll of magic mapping {unknown}
 i - 2 scrolls of poison
 l - a scroll of torment {unknown}
 q - a scroll of immolation
 r - a scroll of enchant armour
 u - a scroll of teleportation {unknown}
Potions
 d - a potion of might
 f - a potion of mutation
 k - a potion of flight
 n - a potion of curing
 o - a potion of lignification


   Skills:
 - Level 3.5 Fighting
 - Level 3.2(3.3) Axes
 + Level 0.6(2.1) Maces & Flails
 - Level 3.5 Armour
 - Level 4.3 Shields


You had 3 spell levels left.
You didn't know any spells.
Your spell library contained the following spells:

 Spells                   Type           Power      Damage    Failure   Level
 Necrotise                Necr           0%         1d4       36%         1
 Vampiric Draining        Necr           0%         2d6       75%         3
 Agony                    Necr           0%         N/A       100%        5


Dungeon Overview and Level Annotations

Branches:
Dungeon (4/15)
 Temple: D:4-7

Altars:

Annotations:
D:3 Ijyb, Sigmund


Innate Abilities, Weirdness & Mutations

You are a tree.
Your roots penetrate the ground, keeping you stationary.
You cannot be teleported.
You are immune to unholy pain and torment.
Your maximum health is greatly increased.
Your equipment is partially melded.
You cannot be hasted, slowed, berserked, paralysed or teleported.
You can dig through walls and to a lower floor.
((You have a pair of large antennae on your head. (SInv)))
Your four strong arms can wield two-handed weapons with a shield.


Message History

You kill the giant cockroach!
You see here a giant cockroach corpse.
You start resting.
HP restored.
Found a book of Changes.
Ijyb the Twisted Goblin comes into view.
She is wielding a +0 club and carrying a wand of mindburst (10).
Ijyb shouts!
Ijyb zaps a wand.
You barely resist.
Ijyb zaps a wand.
Your mind is blasted!
Really read the scroll of poison?
The air fills with toxic fumes!
As you read the scroll of poison, it crumbles to dust.
Really walk into that cloud of poison gas?
You are engulfed in poison gas.
You are poisoned.
* * * LOW HITPOINT WARNING * * *
You feel very sick.
You are engulfed in poison gas.
You are more poisoned.
* * * LOW HITPOINT WARNING * * *
x2 You feel very sick.
You feel better.
You are engulfed in poison gas.
You are poisoned.
* * * LOW HITPOINT WARNING * * *
You feel very sick.
Really quaff the potion of lignification?
You turn into a tree.
Your +0 scale mail melds into your body.
Your roots penetrate the ground.
You feel sick.
You feel sick.
You feel sick.
You feel sick.
You feel sick.
You feel sick.
You feel sick.
You are no longer poisoned.
Okay, then.
Ijyb zaps a wand.
You barely resist.
Ijyb zaps a wand.
Your mind is blasted!
You die...

###########
#.........#######
#.#######.......##
#># ####.###.##
#†# #.###... #.##
#.....# #..#
#.....## ##.#
#....... #♣#
#.....## #.#
##.).## #.# ##|.#
#.# #..# #.# #..#
.g. ##..# ...
#...# .:...
#....#.# .g...
#....#.###


You could see Ijyb.

Vanquished Creatures
  2 dart slugs (D:1)
  An orc (D:3)
  2 endoplasms (D:1)
  3 giant cockroaches
  5 goblins
  6 hobgoblins
  3 jackals (D:1)
  4 kobolds
  3 quokkas
  5 ball pythons
  2 bats
  A frilled lizard (D:3)
  5 rats
42 creatures vanquished.

Notes
Turn   | Place    | Note
-------+----------+-------------------------------------------
     0 | D:1      | bebis the Formicid Fighter began the quest for the Orb.
     0 | D:1      | Reached XP level 1. HP: 18/18 MP: 1/1
    56 | D:1      | Reached XP level 2. HP: 24/24 MP: 2/2
   267 | D:1      | Reached XP level 3. HP: 24/29 MP: 3/3
  1575 | D:2      | Identified the +7 mace of Lachrymose Courage {flame, Int+6
                  | Dex-3}
  1747 | D:3      | Noticed Sigmund
  1965 | D:3      | Reached XP level 4. HP: 33/35 MP: 4/4
  2012 | D:4      | Noticed a necrophage
  2126 | D:3      | Noticed Ijyb
  2148 | D:3      | Blown up by Ijyb

Illustrated notes

Levels and vault maps discovered:
D:1:      lightli_arrival_statue_moat, layout_loops_ring
D:2:      layout_basic, minmay_3d_cube
D:3:      layout_loops_ring, uniq_sigmund, uniq_ijyb, uniq_natasha
D:4:      layout_cave_pools, nicolae_overflow_hidden_temple, minivault_11

Skill      XL: |  1  2  3 |
---------------+----------+-----
Axes           | 3 |  3.2
Fighting       | |  3.5
Maces & Flails | |  0.6
Armour         | |  3.5
Shields        | |  4.3

Action                   |  1- 3 |  4- 6 || total
-------------------------+-------+-------++-------
Melee: War axe           |    95 |       ||    95
       Mace              |     2 |     8 ||    10
  Use: Scroll            |     7 |     1 ||     8
       Potion            |       |     2 ||     2
Armor: Scale mail        |    44 |     2 ||    46
Dodge: Dodged            |    36 |     3 ||    39
Block: Buckler           |    27 |     1 ||    28

Table legend: (Time is in decaauts)
 A = Elapsed time spent in this place.
 B = Non-inter-level travel time spent in this place.
 C = Inter-level travel time spent in this place.
 D = Time resting spent in this place.
 E = Time spent auto-exploring this place.
 F = Levels seen in this place.
 G = Mean time per level.
                   A        B        C        D        E       F      G
               +--------+--------+--------+--------+--------+-----+--------+
         Total |   2188 |   2064 |    124 |    113 |   1491 |   4 |  547.0 |
       Dungeon |   2188 |   2064 |    124 |    113 |   1491 |   4 |  547.0 |
               +--------+--------+--------+--------+--------+-----+--------+

Top non-repeatable levels by time:
     D:1: 911 daAuts
     D:2: 891 daAuts
     D:3: 382 daAuts
     D:4: 2 daAuts
